Stars vs Panthers
Created - January 10, 2018 at 23:16
Goals
|
| Stars |
1 |
1 |
1 |
3 |
| Panthers |
1 |
6 |
1 |
8 |
|
Shots
|
| Stars |
11 |
13 |
7 |
31 |
| Panthers |
7 |
16 |
10 |
33 |
|
1st period
1. Stars , Trevor Daley 2 (John Tavares 27, Michael Frolik 25) at 3:03 (PP)
2. Panthers , Shawn Horcoff 4 (Daniel Sedin 9) at 7:24
Penalties :
Jonathan Sigalet (Flo) for High sticking (Minor) at 2:50, Michal Rozsival (Flo) for Roughing (Minor) at 3:41, Alexander Perezhogin (Flo) for Hooking (Minor) at 9:12, Andrei Markov (Dal) for Holding (Minor) at 15:45
2nd period
3. Panthers , Guillaume Latendresse 25 (Brendan Smith 7, Tim Connolly 40) at 2:20 (PP)
4. Panthers , Daniel Sedin 4 (Shawn Horcoff 8, Brendan Smith 8) at 2:32
5. Panthers , Erik Gudbranson 6 (Daniel Sedin 10, Petr Mrazek) at 6:52 (PP)
6. Panthers , Ryan Callahan 8 (Guillaume Latendresse 24) at 8:22 (PP)
7. Stars , Jussi Jokinen 14 (Michael Frolik 26, Ryan Getzlaf 15) at 9:09
8. Panthers , Tim Connolly 12 (Guillaume Latendresse 25, Brendan Smith 9) at 9:50
9. Panthers , Tim Connolly 13 (Guillaume Latendresse 26) at 19:41 (PP)
Penalties :
Evgeny Artyukhin (Dal) for Interference (Minor) at 0:38, Brian Lee (Dal) for Hooking (Minor) at 5:32, Brian Lee (Dal) for High sticking (Minor) at 7:21, Michal Handzus (Dal) for Hooking (Minor) at 12:44, John Tavares (Dal) for Hooking (Minor) at 19:33
3rd period
10. Panthers , Tomas Kopecky 4 (Jeff Tambellini 5, Brendan Smith 10) at 18:27
11. Stars , Raphael Diaz 2 (Evgeny Artyukhin 13, Miika Kiprusoff) at 19:41
Penalties :
Jonathan Sigalet (Flo) for Fighting (Major) at 1:30, Scott Hartnell (Dal) for Fighting (Major) at 1:30, Brian Lee (Dal) for Hooking (Minor) at 4:59, Michal Rozsival (Flo) for Hooking (Minor) at 15:09
Goalie Stats
Miika Kiprusoff (Dal), 12 saves from 16 shots - (0.750), 33:08 minutes
Pascal Leclaire (Dal), 13 saves from 17 shots - (0.765), L, 13-13-2, 26:52 minutes
Petr Mrazek (Flo), 28 saves from 31 shots - (0.903), W, 3-5-2, 60:00 minutes
Players Stats for Stars
Player Name G A P +/- PIM S H SB GA TA FO MP PP MP PK MP
------------------------------------------------------------------------------------
Andrei Markov 0 0 0 -1 2 1 0 0 0 1 0/0 18:43 2:42 3:23
Brian Lee 0 0 0 -1 6 3 4 1 0 0 0/0 21:37 4:09 1:02
Daniel Cleary 0 0 0 1 0 1 0 3 1 0 0/0 12:15 0:00 5:31
Dustin Penner 0 0 0 -1 0 2 1 0 0 0 0/1 13:02 0:00 4:20
Evgeny Artyukhin 0 1 1 -1 2 2 1 0 2 0 1/1 10:21 0:05 1:46
John Tavares 0 1 1 -2 2 4 1 0 0 0 17/35 21:36 3:29 1:03
Johnny Oduya 0 0 0 -1 0 0 0 2 1 0 0/0 17:10 0:08 4:46
Jussi Jokinen 1 0 1 0 0 3 0 0 0 1 1/1 14:27 2:41 0:17
Michael Frolik 0 2 2 0 0 3 1 0 1 0 1/2 15:04 3:29 0:00
Michal Handzus 0 0 0 -1 2 1 1 1 0 0 4/12 14:14 0:00 4:31
Radim Vrbata 0 0 0 -2 0 2 0 1 0 0 2/2 19:47 2:41 0:00
Raphael Diaz 1 0 1 0 0 1 1 1 0 0 0/0 20:08 0:44 4:07
Rickard Wallin 0 0 0 1 0 0 0 2 1 2 2/3 9:55 0:00 2:48
Ryan Getzlaf 0 1 1 0 0 0 3 0 0 0 6/16 14:09 2:41 0:00
Scott Hartnell 0 0 0 -2 5 2 4 0 0 0 0/2 19:06 3:24 0:03
Shaone Morrisonn 0 0 0 0 0 0 2 1 0 0 0/0 19:39 0:00 6:01
Shawn Matthias 0 0 0 1 0 1 0 0 0 0 0/0 7:02 0:00 0:00
Trevor Daley 1 0 1 -1 0 5 3 1 0 0 0/0 21:32 4:37 0:57
Players Stats for Panthers
Player Name G A P +/- PIM S H SB GA TA FO MP PP MP PK MP
------------------------------------------------------------------------------------
Alexander Perezhogin 0 0 0 2 2 1 1 0 1 0 0/0 11:02 3:35 0:00
Brendan Smith 0 4 4 2 0 5 0 4 1 1 0/0 29:00 7:14 3:49
Cédric Lalonde-McNicoll 0 0 0 0 0 0 0 0 1 0 3/8 9:02 0:18 3:37
Daniel Sedin 1 2 3 2 0 3 1 1 0 0 1/1 17:57 4:36 0:53
Erik Gudbranson 1 0 1 2 0 2 0 0 0 1 0/0 29:14 7:14 2:21
George Parros 0 0 0 0 0 1 0 0 0 0 0/0 7:11 1:35 0:00
Guillaume Latendresse 1 3 4 -1 0 7 2 2 0 1 3/4 25:33 4:33 3:38
Ian White 0 0 0 -1 0 0 1 1 0 0 0/0 16:41 2:43 0:00
Jeff Tambellini 0 1 1 1 0 2 0 1 0 0 0/0 11:12 0:59 0:00
Jonathan Matsumoto 0 0 0 1 0 0 0 0 0 1 4/5 10:20 0:52 0:00
Jonathan Sigalet 0 0 0 1 7 1 0 0 0 0 0/0 13:34 0:11 2:21
Matthew Spiller 0 0 0 1 0 0 0 2 0 1 0/0 14:27 0:11 3:49
Michal Rozsival 0 0 0 -1 4 1 1 1 0 0 0/0 17:09 2:43 0:00
Ryan Callahan 1 0 1 -1 0 2 2 0 0 0 1/2 22:54 4:31 1:33
Sergei Samsonov 0 0 0 0 0 0 0 0 1 0 1/1 8:20 0:00 0:00
Shawn Horcoff 1 1 2 2 0 2 2 0 0 0 12/19 19:23 4:25 2:30
Tim Connolly 2 1 3 -1 0 5 1 0 0 0 16/35 21:29 4:33 0:09
Tomas Kopecky 1 0 1 1 0 1 0 0 0 1 0/0 9:17 0:27 0:00
3 Stars
1 - Brendan Smith (Flo)
2 - Daniel Sedin (Flo)
3 - Guillaume Latendresse (Flo)
Power Play
Stars - 1 on 4 Attempt(s) - 25.00%
Panthers - 4 on 7 Attempt(s) - 57.14%
Penalty Kill
Stars - 3 on 7 Attempt(s) - 42.86%
- Score 0 goal in Penalty Kill
Panthers - 3 on 4 Attempt(s) - 75.00%
- Score 0 goal in Penalty Kill
Team Stat
Stars - Hits : 22 - Faceoff Wins : 34 - Blocked Shots : 13 - Penalty Minutes : 19
Panthers - Hits : 11 - Faceoff Wins : 41 - Blocked Shots : 12 - Penalty Minutes : 13
Official
Referees : Lee Chris and Rooney Chris
Linesman : Pierre Champoux and Scott Driscoll
Game Notes
Miika Kiprusoff enters game at 6:52 of 2nd period
Alexander Perezhogin is injured at 17:02 of 2nd period (Bruised Right Arm)
Jonathan Sigalet beats up Scott Hartnell at 1:30 of 3rd period
Finance
Level 1 -- Attendance: 5812 (96.87%) -- Ticket Income $511,456
Level 2 -- Attendance: 4643 (92.86%) -- Ticket Income $255,365
Level 3 -- Attendance: 1177 (58.85%) -- Ticket Income $58,850
Level 4 -- Attendance: 2833 (70.83%) -- Ticket Income $90,656
Luxury Box -- Attendance: 905 (90.50%) -- Ticket Income $131,225
Game was played at the Bank Atlantic Cente.
Total Attendance: 15370 (85.39%)
Total Ticket Income: $1,047,552
Other Income: $157,133
Total Income: $1,204,685
Stars
5 vs 5 Forward
Center Left Wing Right Wing Time % Phy DF OF
1 John Tavares Scott Hartnell Radim Vrbata 39 0 2 3
2 Ryan Getzlaf Jussi Jokinen Michael Frolik 27 0 2 3
3 Michal Handzus Dustin Penner Evgeny Artyukhin 21 1 2 2
4 Rickard Wallin Shawn Matthias Daniel Cleary 13 1 2 2
5 vs 5 Defense
Defense Defense Time % Phy DF OF
1 Trevor Daley Brian Lee 40 1 2 2
2 Johnny Oduya Andrei Markov 30 1 2 2
3 Raphael Diaz Shaone Morrisonn 30 1 2 2
4 Johnny Oduya Brian Lee 0 1 2 2
PowerPlay Forward
Center Left Wing Right Wing Time % Phy DF OF
1 John Tavares Scott Hartnell Michael Frolik 60 0 1 4
2 Ryan Getzlaf Jussi Jokinen Radim Vrbata 40 0 1 4
PowerPlay Defense
Defense Defense Time % Phy DF OF
1 Trevor Daley Brian Lee 60 0 2 3
2 Trevor Daley Andrei Markov 40 0 2 3
Penalty Kill 4 Players Forward
Center Wing Time % Phy DF OF
1 Michal Handzus Daniel Cleary 60 0 3 2
2 Rickard Wallin Dustin Penner 40 0 3 2
Penalty Kill 4 Players Defense
Defense Defense Time % Phy DF OF
1 Johnny Oduya Shaone Morrisonn 60 0 3 2
2 Raphael Diaz Andrei Markov 40 0 3 2
Penalty Kill - 3 Players Forward
Forward Time % Phy DF OF
1 Daniel Cleary 60 0 3 2
2 Michal Handzus 40 0 3 2
Penalty Kill - 3 Players Defense
Defense Defense Time % Phy DF OF
1 Johnny Oduya Brian Lee 60 1 2 2
2 Trevor Daley Andrei Markov 40 1 2 2
4 vs 4 Forward
Center Wing Time % Phy DF OF
1 Trevor Daley Scott Hartnell 60 1 2 2
2 Jussi Jokinen Michael Frolik 40 1 2 2
4 vs 4 Defense
Defense Defense Time % Phy DF OF
1 Johnny Oduya Brian Lee 60 1 2 2
2 Trevor Daley Andrei Markov 40 1 2 2
Last Minutes Offensive
Center Left Wing Right Wing Defense Defense
John Tavares Scott Hartnell Michael Frolik Trevor Daley Brian Lee
Last Minutes Defensive
Center Left Wing Right Wing Defense Defense
Ryan Getzlaf Scott Hartnell Daniel Cleary Johnny Oduya Shaone Morrisonn
Goaltenders
Starting : Pascal Leclaire
Backup : Miika Kiprusoff
Extra Forwards
Normal : Michal Handzus, Dustin Penner, Radim Vrbata - PP : Evgeny Artyukhin, Dustin Penner - PK : Evgeny Artyukhin
Extra Defensemen
Normal : Raphael Diaz, Shaone Morrisonn, Trevor Daley - PP : Raphael Diaz - PK : Shaone Morrisonn, Trevor Daley
Penalty Shots
John Tavares, Scott Hartnell, Jussi Jokinen, Michael Frolik, Ryan Getzlaf
Scratches
Matt Cooke (Severed Right Wrist Tendon Injury)
Panthers
5 vs 5 Forward
Center Left Wing Right Wing Time % Phy DF OF
1 Tim Connolly Guillaume Latendresse Ryan Callahan 40 0 2 3
2 Shawn Horcoff Daniel Sedin Alexander Perezhogin 30 0 2 3
3 Jonathan Matsumoto Jeff Tambellini Tomas Kopecky 20 0 2 3
4 Cédric Lalonde-McNicoll Sergei Samsonov George Parros 10 0 2 3
5 vs 5 Defense
Defense Defense Time % Phy DF OF
1 Brendan Smith Erik Gudbranson 40 0 2 3
2 Ian White Michal Rozsival 30 0 2 3
3 Jonathan Sigalet Matthew Spiller 20 1 2 2
4 Brendan Smith Erik Gudbranson 10 1 2 2
PowerPlay Forward
Center Left Wing Right Wing Time % Phy DF OF
1 Tim Connolly Guillaume Latendresse Ryan Callahan 60 0 1 4
2 Shawn Horcoff Daniel Sedin Alexander Perezhogin 40 0 1 4
PowerPlay Defense
Defense Defense Time % Phy DF OF
1 Brendan Smith Erik Gudbranson 60 0 2 3
2 Ian White Michal Rozsival 40 0 2 3
Penalty Kill 4 Players Forward
Center Wing Time % Phy DF OF
1 Cédric Lalonde-McNicoll Guillaume Latendresse 60 1 3 1
2 Shawn Horcoff Ryan Callahan 40 1 3 1
Penalty Kill 4 Players Defense
Defense Defense Time % Phy DF OF
1 Brendan Smith Matthew Spiller 60 1 4 0
2 Erik Gudbranson Jonathan Sigalet 40 1 4 0
Penalty Kill - 3 Players Forward
Forward Time % Phy DF OF
1 Guillaume Latendresse 60 0 4 1
2 Cédric Lalonde-McNicoll 40 0 4 1
Penalty Kill - 3 Players Defense
Defense Defense Time % Phy DF OF
1 Brendan Smith Matthew Spiller 60 1 4 0
2 Erik Gudbranson Jonathan Sigalet 40 1 4 0
4 vs 4 Forward
Center Wing Time % Phy DF OF
1 Tim Connolly Guillaume Latendresse 60 0 2 3
2 Shawn Horcoff Daniel Sedin 40 0 2 3
4 vs 4 Defense
Defense Defense Time % Phy DF OF
1 Brendan Smith Erik Gudbranson 60 1 2 2
2 Ian White Michal Rozsival 40 1 2 2
Last Minutes Offensive
Center Left Wing Right Wing Defense Defense
Tim Connolly Guillaume Latendresse Ryan Callahan Ian White Brendan Smith
Last Minutes Defensive
Center Left Wing Right Wing Defense Defense
Shawn Horcoff Guillaume Latendresse Ryan Callahan Brendan Smith Matthew Spiller
Goaltenders
Starting : Petr Mrazek
Backup : Antti Niemi
Extra Forwards
Normal : Sergei Samsonov, Guillaume Latendresse, Jeff Tambellini - PP : Alexander Perezhogin, Guillaume Latendresse - PK : Shawn Horcoff
Extra Defensemen
Normal : Ian White, Erik Gudbranson, Brendan Smith - PP : Jonathan Sigalet - PK : Matthew Spiller, Erik Gudbranson
Penalty Shots
Guillaume Latendresse, Sergei Samsonov, Jeff Tambellini, Ryan Callahan, Jonathan Matsumoto
Scratches
Pavel Kubina (Healthy), Tuomo Ruutu (Healthy)
% Time on Ice - Stars
Lines # - Real PCT - Wanted PCT - Time Play
Normal Forward
1 - 40% - 39% - 17:28
2 - 26% - 27% - 11:26
3 - 19% - 21% - 8:26
4 - 15% - 13% - 6:22
Normal Defense
1 - 39% - 40% - 17:05
2 - 29% - 30% - 12:39
3 - 31% - 30% - 13:22
4 - 1% - 0% - 0:36
PP Forward
1 - 56% - 60% - 3:29
2 - 44% - 40% - 2:41
PP Defense
1 - 56% - 60% - 3:28
2 - 44% - 40% - 2:42
PK Forward
1 - 75% - 60% - 7:33
2 - 25% - 40% - 2:35
PK Defense
1 - 59% - 60% - 6:01
2 - 41% - 40% - 4:07
PK3 Forward
1 - 0% - 60%
2 - 0% - 40%
PK3 Defense
1 - 0% - 60%
2 - 0% - 40%
44 Forward
1 - 0% - 60%
2 - 0% - 40%
44 Defense
1 - 0% - 60%
2 - 0% - 40%
Last Minute Offensive - 0:00
Last Minute Defensive - 0:00
Total
Forward - 60:00
Defense - 60:00
|
% Time on Ice - Panthers
Lines # - Real PCT - Wanted PCT - Time Play
Normal Forward
1 - 42% - 40% - 18:11
2 - 28% - 30% - 12:24
3 - 20% - 20% - 8:35
4 - 10% - 10% - 4:32
Normal Defense
1 - 40% - 40% - 17:37
2 - 34% - 30% - 14:53
3 - 25% - 20% - 10:45
4 - 1% - 10% - 0:27
PP Forward
1 - 46% - 60% - 4:37
2 - 54% - 40% - 5:31
PP Defense
1 - 73% - 60% - 7:25
2 - 27% - 40% - 2:43
PK Forward
1 - 75% - 60% - 4:37
2 - 25% - 40% - 1:33
PK Defense
1 - 62% - 60% - 3:49
2 - 38% - 40% - 2:21
PK3 Forward
1 - 0% - 60%
2 - 0% - 40%
PK3 Defense
1 - 0% - 60%
2 - 0% - 40%
44 Forward
1 - 0% - 60%
2 - 0% - 40%
44 Defense
1 - 0% - 60%
2 - 0% - 40%
Last Minute Offensive - 0:00
Last Minute Defensive - 0:00
Total
Forward - 60:00
Defense - 60:00
|
Play by Play
1st period
0:01 of 1st period - John Tavares wins face-off versus Tim Connolly in neutral zone.
0:04 of 1st period - Wrist shot by Brian Lee.
0:04 of 1st period - Deflect By Guillaume Latendresse.
0:04 of 1st period - Stopped by Petr Mrazek without a rebound.
0:05 of 1st period - John Tavares wins face-off versus Tim Connolly in Panthers zone.
0:08 of 1st period - Wrist shot by Scott Hartnell.
0:08 of 1st period - Deflect By John Tavares.
0:08 of 1st period - Shot Blocked by Guillaume Latendresse.
0:08 of 1st period - Puck is out of play.
0:09 of 1st period - Tim Connolly wins face-off versus John Tavares in Panthers zone.
0:16 of 1st period - Slapshot by John Tavares.
0:16 of 1st period - Stopped by Petr Mrazek with a rebound.
0:35 of 1st period - Snap shot by Tim Connolly.
0:35 of 1st period - Stopped by Pascal Leclaire without a rebound.
0:36 of 1st period - Ryan Getzlaf wins face-off versus Shawn Horcoff in Stars zone.
1:09 of 1st period - Snap shot by Evgeny Artyukhin.
1:09 of 1st period - Shot Misses the Net.
1:11 of 1st period - Slapshot by Johnny Oduya.
1:11 of 1st period - Shot Blocked by Ian White.
1:45 of 1st period - Snap shot by Guillaume Latendresse.
1:45 of 1st period - Stopped by Pascal Leclaire with a rebound.
1:51 of 1st period - Snap shot by Guillaume Latendresse.
1:51 of 1st period - Shot Misses the Net.
1:53 of 1st period - Snap shot by Ryan Callahan.
1:53 of 1st period - Stopped by Pascal Leclaire without a rebound.
1:54 of 1st period - Ryan Getzlaf wins face-off versus Shawn Horcoff in Stars zone.
1:59 of 1st period - Slapshot by Jussi Jokinen.
1:59 of 1st period - Shot Misses the Net.
2:01 of 1st period - Slapshot by Michael Frolik.
2:01 of 1st period - Stopped by Petr Mrazek without a rebound.
2:02 of 1st period - Michael Frolik wins face-off versus Shawn Horcoff in Panthers zone.
2:13 of 1st period - Slapshot by Jussi Jokinen.
2:13 of 1st period - Shot Misses the Net.
2:17 of 1st period - Wrist shot by Ryan Getzlaf.
2:17 of 1st period - Shot Blocked by Daniel Sedin.
2:21 of 1st period - Snap shot by Michael Frolik.
2:21 of 1st period - Shot Misses the Net.
2:23 of 1st period - Snap shot by Jussi Jokinen.
2:23 of 1st period - Shot Misses the Net.
2:50 of 1st period - Minor Penalty to Jonathan Sigalet for High sticking.
2:51 of 1st period - Guillaume Latendresse wins face-off versus John Tavares in Panthers zone.
2:55 of 1st period - Snap shot by John Tavares.
2:55 of 1st period - Deflect By Scott Hartnell.
2:55 of 1st period - Shot Blocked by Brendan Smith.
2:55 of 1st period - Puck is out of play.
2:56 of 1st period - John Tavares wins face-off versus Cédric Lalonde-McNicoll in Panthers zone.
2:57 of 1st period - Snap shot by Michael Frolik.
2:57 of 1st period - Shot Misses the Net.
2:59 of 1st period - Snap shot by Trevor Daley.
2:59 of 1st period - Stopped by Petr Mrazek with a rebound.
3:01 of 1st period - Wrist shot by John Tavares.
3:01 of 1st period - Shot Blocked by Matthew Spiller.
3:03 of 1st period - Wrist shot by Trevor Daley.
3:03 of 1st period - Goal by Trevor Daley - Stars : 1 - Panthers : 0.
3:04 of 1st period - Tim Connolly wins face-off versus Michal Handzus in neutral zone.
3:41 of 1st period - Minor Penalty to Michal Rozsival for Roughing.
3:42 of 1st period - John Tavares wins face-off versus Cédric Lalonde-McNicoll in Panthers zone.
3:46 of 1st period - Snap shot by Michael Frolik.
3:46 of 1st period - Stopped by Petr Mrazek with a rebound.
3:48 of 1st period - Slapshot by Brian Lee.
3:48 of 1st period - Shot Blocked by Matthew Spiller.
4:16 of 1st period - Slapshot by Brian Lee.
4:16 of 1st period - Stopped by Petr Mrazek without a rebound.
4:17 of 1st period - Cédric Lalonde-McNicoll wins face-off versus John Tavares in Panthers zone.
4:23 of 1st period - Icing by Michael Frolik.
4:24 of 1st period - John Tavares wins face-off versus Cédric Lalonde-McNicoll in Stars zone.
4:39 of 1st period - Snap shot by John Tavares.
4:39 of 1st period - Deflect By Michael Frolik.
4:39 of 1st period - Shot Blocked by Guillaume Latendresse.
4:39 of 1st period - Puck is out of play.
4:40 of 1st period - Guillaume Latendresse wins face-off versus Ryan Getzlaf in Panthers zone.
4:49 of 1st period - Guillaume Latendresse is hit by Ryan Getzlaf.
5:07 of 1st period - Matthew Spiller is hit by Scott Hartnell and loses puck.
5:14 of 1st period - Snap shot by Michael Frolik.
5:14 of 1st period - Shot Blocked by Brendan Smith.
5:16 of 1st period - Slapshot by Andrei Markov.
5:16 of 1st period - Stopped by Petr Mrazek with a rebound.
5:41 of 1st period - Penalty to Michal Rozsival is over, Michal Rozsival is back on ice.
6:00 of 1st period - Erik Gudbranson is hit by Brian Lee and loses puck.
6:07 of 1st period - Michal Rozsival is hit by Michal Handzus and loses puck.
6:14 of 1st period - Snap shot by Evgeny Artyukhin.
6:14 of 1st period - Stopped by Petr Mrazek without a rebound.
6:15 of 1st period - John Tavares wins face-off versus Tim Connolly in Panthers zone.
6:51 of 1st period - Snap shot by Shawn Matthias.
6:51 of 1st period - Deflect By Daniel Cleary.
6:51 of 1st period - Shot Misses the Net.
6:51 of 1st period - Puck is out of play.
6:52 of 1st period - Guillaume Latendresse wins face-off versus Ryan Getzlaf in Panthers zone.
7:24 of 1st period - Backhand shot by Shawn Horcoff.
7:24 of 1st period - Goal by Shawn Horcoff - Stars : 1 - Panthers : 1.
7:25 of 1st period - Tim Connolly wins face-off versus Scott Hartnell in neutral zone.
7:57 of 1st period - Slapshot by Brendan Smith.
7:57 of 1st period - Deflect By George Parros.
7:57 of 1st period - Shot Blocked by Radim Vrbata.
7:57 of 1st period - Puck is out of play.
7:58 of 1st period - Rickard Wallin wins face-off versus Cédric Lalonde-McNicoll in Stars zone.
8:30 of 1st period - Off-side.
8:31 of 1st period - Tim Connolly wins face-off versus John Tavares in neutral zone.
8:50 of 1st period - Scott Hartnell is hit by Ryan Callahan and loses puck.
9:01 of 1st period - Wrist shot by Jussi Jokinen.
9:01 of 1st period - Stopped by Petr Mrazek without a rebound.
9:02 of 1st period - Ryan Getzlaf wins face-off versus Shawn Horcoff in Panthers zone.
9:12 of 1st period - Minor Penalty to Alexander Perezhogin for Hooking.
9:13 of 1st period - Cédric Lalonde-McNicoll wins face-off versus John Tavares in Panthers zone.
11:12 of 1st period - Penalty to Alexander Perezhogin is over, Alexander Perezhogin is back on ice.
11:43 of 1st period - Snap shot by Raphael Diaz.
11:43 of 1st period - Shot Blocked by Jeff Tambellini.
11:45 of 1st period - Snap shot by Raphael Diaz.
11:45 of 1st period - Shot Misses the Net.
11:47 of 1st period - Snap shot by Michal Handzus.
11:47 of 1st period - Shot Misses the Net.
11:49 of 1st period - Slapshot by Raphael Diaz.
11:49 of 1st period - Deflect By Michal Handzus.
11:49 of 1st period - Shot Misses the Net.
11:49 of 1st period - Puck is out of play.
11:50 of 1st period - Michal Handzus wins face-off versus Tim Connolly in Panthers zone.
11:53 of 1st period - Wrist shot by Evgeny Artyukhin.
11:53 of 1st period - Stopped by Petr Mrazek without a rebound.
11:54 of 1st period - John Tavares wins face-off versus Tim Connolly in Panthers zone.
12:07 of 1st period - Snap shot by Erik Gudbranson.
12:07 of 1st period - Deflect By Tim Connolly.
12:07 of 1st period - Shot Misses the Net.
12:07 of 1st period - Puck is out of play.
12:08 of 1st period - Radim Vrbata wins face-off versus Tim Connolly in Stars zone.
12:35 of 1st period - Off-side.
12:36 of 1st period - Shawn Horcoff wins face-off versus Ryan Getzlaf in neutral zone.
12:41 of 1st period - Wrist shot by Matthew Spiller.
12:41 of 1st period - Shot Misses the Net.
12:43 of 1st period - Backhand shot by Matthew Spiller.
12:43 of 1st period - Deflect By Shawn Horcoff.
12:43 of 1st period - Stopped by Pascal Leclaire without a rebound.
12:44 of 1st period - John Tavares wins face-off versus Tim Connolly in Stars zone.
13:39 of 1st period - Snap shot by Tim Connolly.
13:39 of 1st period - Shot Misses the Net.
14:23 of 1st period - Wrist shot by Tim Connolly.
14:23 of 1st period - Stopped by Pascal Leclaire with a rebound.
15:43 of 1st period - Wrist shot by Tim Connolly.
15:43 of 1st period - Stopped by Pascal Leclaire with a rebound.
15:45 of 1st period - Minor Penalty to Andrei Markov for Holding.
15:46 of 1st period - Shawn Horcoff wins face-off versus Michal Handzus in Stars zone.
15:53 of 1st period - Slapshot by Daniel Sedin.
15:53 of 1st period - Shot Blocked by Daniel Cleary.
15:55 of 1st period - Slapshot by Shawn Horcoff.
15:55 of 1st period - Shot Blocked by Trevor Daley.
15:57 of 1st period - Wrist shot by Shawn Horcoff.
15:57 of 1st period - Shot Blocked by Shaone Morrisonn.
16:45 of 1st period - Snap shot by Michal Rozsival.
16:45 of 1st period - Shot Blocked by Rickard Wallin.
16:49 of 1st period - Snap shot by Michal Rozsival.
16:49 of 1st period - Shot Blocked by Raphael Diaz.
16:59 of 1st period - Snap shot by Rickard Wallin.
16:59 of 1st period - Shot Misses the Net.
17:25 of 1st period - Cédric Lalonde-McNicoll is hit by Trevor Daley and loses puck.
17:45 of 1st period - Penalty to Andrei Markov is over, Andrei Markov is back on ice.
17:48 of 1st period - Shawn Horcoff is hit by Ryan Getzlaf and loses puck.
18:32 of 1st period - Michal Rozsival is hit by Brian Lee and loses puck.
Goals for this period are 1 for Stars vs 1 for Panthers.
Shots for this period are 11 for Stars vs 7 for Panthers.
2nd period
0:01 of 2nd period - Shawn Horcoff wins face-off versus Ryan Getzlaf in neutral zone.
0:04 of 2nd period - Wrist shot by Daniel Sedin.
0:04 of 2nd period - Shot Misses the Net.
0:06 of 2nd period - Snap shot by Erik Gudbranson.
0:06 of 2nd period - Shot Misses the Net.
0:38 of 2nd period - Minor Penalty to Evgeny Artyukhin for Interference.
0:39 of 2nd period - Tim Connolly wins face-off versus Michal Handzus in Stars zone.
0:51 of 2nd period - Slapshot by Guillaume Latendresse.
0:51 of 2nd period - Shot Blocked by Michal Handzus.
1:05 of 2nd period - Johnny Oduya is hit by Alexander Perezhogin.
1:46 of 2nd period - Icing by Tim Connolly.
1:47 of 2nd period - Ryan Callahan wins face-off versus Michal Handzus in Panthers zone.
2:06 of 2nd period - Slapshot by Erik Gudbranson.
2:06 of 2nd period - Deflect By Alexander Perezhogin.
2:06 of 2nd period - Shot Misses the Net.
2:06 of 2nd period - Puck is out of play.
2:07 of 2nd period - Tim Connolly wins face-off versus Michal Handzus in Stars zone.
2:16 of 2nd period - Snap shot by Guillaume Latendresse.
2:16 of 2nd period - Stopped by Pascal Leclaire with a rebound.
2:18 of 2nd period - Slapshot by Brendan Smith.
2:18 of 2nd period - Shot Blocked by Johnny Oduya.
2:20 of 2nd period - Slapshot by Guillaume Latendresse.
2:20 of 2nd period - Goal by Guillaume Latendresse - Stars : 1 - Panthers : 2.
2:21 of 2nd period - Shawn Horcoff wins face-off versus Ryan Getzlaf in neutral zone.
2:32 of 2nd period - Wrist shot by Daniel Sedin.
2:32 of 2nd period - Goal by Daniel Sedin - Stars : 1 - Panthers : 3.
2:33 of 2nd period - Shawn Horcoff wins face-off versus Ryan Getzlaf in neutral zone.
2:38 of 2nd period - Ryan Getzlaf is hit by Shawn Horcoff and loses puck.
2:45 of 2nd period - Slapshot by Alexander Perezhogin.
2:45 of 2nd period - Stopped by Pascal Leclaire with a rebound.
2:47 of 2nd period - Snap shot by Shawn Horcoff.
2:47 of 2nd period - Shot Hit the Post.
2:49 of 2nd period - Slapshot by Brendan Smith.
2:49 of 2nd period - Stopped by Pascal Leclaire without a rebound.
2:50 of 2nd period - John Tavares wins face-off versus Tim Connolly in Stars zone.
3:29 of 2nd period - Backhand shot by Jussi Jokinen.
3:29 of 2nd period - Shot Misses the Net.
3:41 of 2nd period - Snap shot by Tomas Kopecky.
3:41 of 2nd period - Shot Misses the Net.
3:43 of 2nd period - Slapshot by Brendan Smith.
3:43 of 2nd period - Stopped by Pascal Leclaire with a rebound.
3:45 of 2nd period - Slapshot by Erik Gudbranson.
3:45 of 2nd period - Stopped by Pascal Leclaire without a rebound.
3:46 of 2nd period - John Tavares wins face-off versus Tim Connolly in Stars zone.
4:03 of 2nd period - Wrist shot by John Tavares.
4:03 of 2nd period - Deflect By Guillaume Latendresse.
4:03 of 2nd period - Stopped by Petr Mrazek with a rebound.
5:00 of 2nd period - Tomas Kopecky is hit by Brian Lee and loses puck.
5:11 of 2nd period - Snap shot by Dustin Penner.
5:11 of 2nd period - Deflect By Tomas Kopecky.
5:11 of 2nd period - Stopped by Petr Mrazek without a rebound.
5:12 of 2nd period - John Tavares wins face-off versus Shawn Horcoff in Panthers zone.
5:15 of 2nd period - Wrist shot by John Tavares.
5:15 of 2nd period - Stopped by Petr Mrazek without a rebound.
5:16 of 2nd period - John Tavares wins face-off versus Shawn Horcoff in Panthers zone.
5:19 of 2nd period - Slapshot by Scott Hartnell.
5:19 of 2nd period - Shot Misses the Net.
5:27 of 2nd period - Snap shot by Shawn Horcoff.
5:27 of 2nd period - Shot Misses the Net.
5:29 of 2nd period - Snap shot by Daniel Sedin.
5:29 of 2nd period - Stopped by Pascal Leclaire without a rebound.
5:30 of 2nd period - Ryan Getzlaf wins face-off versus Tim Connolly in Stars zone.
5:32 of 2nd period - Minor Penalty to Brian Lee for Hooking.
5:33 of 2nd period - Tim Connolly wins face-off versus Michal Handzus in Stars zone.
5:41 of 2nd period - Slapshot by Guillaume Latendresse.
5:41 of 2nd period - Stopped by Pascal Leclaire with a rebound.
5:43 of 2nd period - Snap shot by Tim Connolly.
5:43 of 2nd period - Shot Misses the Net.
5:45 of 2nd period - Wrist shot by Tim Connolly.
5:45 of 2nd period - Shot Misses the Net.
5:47 of 2nd period - Snap shot by Guillaume Latendresse.
5:47 of 2nd period - Shot Blocked by Daniel Cleary.
5:49 of 2nd period - Slapshot by Erik Gudbranson.
5:49 of 2nd period - Shot Blocked by Johnny Oduya.
6:38 of 2nd period - Slapshot by Erik Gudbranson.
6:38 of 2nd period - Shot Blocked by Daniel Cleary.
6:52 of 2nd period - Slapshot by Erik Gudbranson.
6:52 of 2nd period - Goal by Erik Gudbranson - Stars : 1 - Panthers : 4.
6:52 of 2nd period - Miika Kiprusoff enters game.
6:53 of 2nd period - Tim Connolly wins face-off versus John Tavares in neutral zone.
7:14 of 2nd period - John Tavares is hit by Guillaume Latendresse and loses puck.
7:21 of 2nd period - Minor Penalty to Brian Lee for High sticking.
7:22 of 2nd period - Michal Handzus wins face-off versus Tim Connolly in Stars zone.
7:22 of 2nd period - Michal Handzus is hit by Tim Connolly.
8:20 of 2nd period - Wrist shot by Ryan Callahan.
8:20 of 2nd period - Shot Hit the Post.
8:22 of 2nd period - Snap shot by Ryan Callahan.
8:22 of 2nd period - Goal by Ryan Callahan - Stars : 1 - Panthers : 5.
8:23 of 2nd period - Shawn Horcoff wins face-off versus John Tavares in neutral zone.
8:29 of 2nd period - Icing by Trevor Daley.
8:30 of 2nd period - Shawn Horcoff wins face-off versus John Tavares in Stars zone.
8:31 of 2nd period - Wrist shot by Alexander Perezhogin.
8:31 of 2nd period - Shot Blocked by Brian Lee.
8:57 of 2nd period - Wrist shot by Scott Hartnell.
8:57 of 2nd period - Stopped by Petr Mrazek with a rebound.
8:59 of 2nd period - Snap shot by Trevor Daley.
8:59 of 2nd period - Stopped by Petr Mrazek with a rebound.
9:01 of 2nd period - Wrist shot by Scott Hartnell.
9:01 of 2nd period - Deflect By John Tavares.
9:01 of 2nd period - Shot Misses the Net.
9:01 of 2nd period - Puck is out of play.
9:02 of 2nd period - Ryan Getzlaf wins face-off versus Tim Connolly in Panthers zone.
9:07 of 2nd period - Snap shot by Jussi Jokinen.
9:07 of 2nd period - Stopped by Petr Mrazek with a rebound.
9:09 of 2nd period - Snap shot by Jussi Jokinen.
9:09 of 2nd period - Goal by Jussi Jokinen - Stars : 2 - Panthers : 5.
9:10 of 2nd period - Ryan Getzlaf wins face-off versus Tim Connolly in neutral zone.
9:50 of 2nd period - Slapshot by Tim Connolly.
9:50 of 2nd period - Goal by Tim Connolly - Stars : 2 - Panthers : 6.
9:51 of 2nd period - Shawn Horcoff wins face-off versus John Tavares in neutral zone.
9:57 of 2nd period - Icing by Raphael Diaz.
9:58 of 2nd period - Shawn Horcoff wins face-off versus John Tavares in Stars zone.
10:06 of 2nd period - Off-side.
10:07 of 2nd period - Tim Connolly wins face-off versus Ryan Getzlaf in neutral zone.
10:09 of 2nd period - Brendan Smith is hit by Shaone Morrisonn and loses puck.
10:34 of 2nd period - Shawn Horcoff is hit by Scott Hartnell and loses puck.
11:06 of 2nd period - Slapshot by Evgeny Artyukhin.
11:06 of 2nd period - Shot Misses the Net.
11:22 of 2nd period - Slapshot by Erik Gudbranson.
11:22 of 2nd period - Deflect By Jeff Tambellini.
11:22 of 2nd period - Shot Blocked by Rickard Wallin.
11:22 of 2nd period - Puck is out of play.
11:23 of 2nd period - John Tavares wins face-off versus Tim Connolly in Stars zone.
11:50 of 2nd period - Michal Rozsival is hit by Ryan Getzlaf and loses puck.
12:14 of 2nd period - Wrist shot by Daniel Cleary.
12:14 of 2nd period - Shot Misses the Net.
12:44 of 2nd period - Minor Penalty to Michal Handzus for Hooking.
12:45 of 2nd period - Evgeny Artyukhin wins face-off versus Tim Connolly in Stars zone.
13:02 of 2nd period - Snap shot by Guillaume Latendresse.
13:02 of 2nd period - Shot Misses the Net.
14:44 of 2nd period - Penalty to Michal Handzus is over, Michal Handzus is back on ice.
14:46 of 2nd period - Slapshot by Jeff Tambellini.
14:46 of 2nd period - Stopped by Miika Kiprusoff without a rebound.
14:47 of 2nd period - Jonathan Matsumoto wins face-off versus Ryan Getzlaf in Stars zone.
15:36 of 2nd period - Shawn Matthias is hit by Guillaume Latendresse and loses puck.
15:42 of 2nd period - Icing by Raphael Diaz.
15:43 of 2nd period - Rickard Wallin wins face-off versus Tim Connolly in Stars zone.
15:51 of 2nd period - Off-side.
15:52 of 2nd period - Shawn Horcoff wins face-off versus Ryan Getzlaf in neutral zone.
16:51 of 2nd period - Slapshot by Daniel Cleary.
16:51 of 2nd period - Deflect By Shawn Matthias.
16:51 of 2nd period - Stopped by Petr Mrazek without a rebound.
16:52 of 2nd period - Radim Vrbata wins face-off versus Shawn Horcoff in Panthers zone.
17:01 of 2nd period - Alexander Perezhogin is hit by Scott Hartnell and loses puck.
17:02 of 2nd period - Alexander Perezhogin from Panthers is injured at 17:02 of 2nd period (Bruised Right Arm).
17:03 of 2nd period - Tim Connolly wins face-off versus John Tavares in Panthers zone.
17:03 of 2nd period - Tim Connolly is hit by John Tavares.
17:58 of 2nd period - Slapshot by Brendan Smith.
17:58 of 2nd period - Stopped by Miika Kiprusoff without a rebound.
17:59 of 2nd period - Jonathan Matsumoto wins face-off versus John Tavares in Stars zone.
18:31 of 2nd period - Slapshot by Jonathan Sigalet.
18:31 of 2nd period - Shot Misses the Net.
18:33 of 2nd period - Wrist shot by Guillaume Latendresse.
18:33 of 2nd period - Stopped by Miika Kiprusoff with a rebound.
18:49 of 2nd period - Wrist shot by Dustin Penner.
18:49 of 2nd period - Stopped by Petr Mrazek with a rebound.
18:51 of 2nd period - Snap shot by Michal Handzus.
18:51 of 2nd period - Stopped by Petr Mrazek without a rebound.
18:52 of 2nd period - Sergei Samsonov wins face-off versus Dustin Penner in Panthers zone.
19:33 of 2nd period - Minor Penalty to John Tavares for Hooking.
19:34 of 2nd period - Tim Connolly wins face-off versus Michal Handzus in Stars zone.
19:39 of 2nd period - Wrist shot by Guillaume Latendresse.
19:39 of 2nd period - Shot Misses the Net.
19:41 of 2nd period - Snap shot by Tim Connolly.
19:41 of 2nd period - Goal by Tim Connolly - Stars : 2 - Panthers : 7.
19:42 of 2nd period - John Tavares wins face-off versus Tim Connolly in neutral zone.
19:47 of 2nd period - Snap shot by John Tavares.
19:47 of 2nd period - Shot Misses the Net.
19:49 of 2nd period - Slapshot by Trevor Daley.
19:49 of 2nd period - Shot Misses the Net.
19:51 of 2nd period - Slapshot by Brian Lee.
19:51 of 2nd period - Shot Blocked by Brendan Smith.
19:53 of 2nd period - Slapshot by Trevor Daley.
19:53 of 2nd period - Stopped by Petr Mrazek with a rebound.
19:55 of 2nd period - Snap shot by Brian Lee.
19:55 of 2nd period - Deflect By Guillaume Latendresse.
19:55 of 2nd period - Stopped by Petr Mrazek with a rebound.
19:57 of 2nd period - Snap shot by Scott Hartnell.
19:57 of 2nd period - Shot Misses the Net.
19:59 of 2nd period - Snap shot by Scott Hartnell.
19:59 of 2nd period - Stopped by Petr Mrazek without a rebound.
Goals for this period are 1 for Stars vs 6 for Panthers.
Shots for this period are 13 for Stars vs 16 for Panthers.
3rd period
0:01 of 3rd period - Tim Connolly wins face-off versus Scott Hartnell in neutral zone.
0:27 of 3rd period - Brian Lee is hit by Shawn Horcoff and loses puck.
0:50 of 3rd period - Michal Rozsival is hit by Shaone Morrisonn and loses puck.
1:17 of 3rd period - Wrist shot by George Parros.
1:17 of 3rd period - Stopped by Miika Kiprusoff without a rebound.
1:18 of 3rd period - Tim Connolly wins face-off versus John Tavares in Stars zone.
1:21 of 3rd period - Snap shot by Guillaume Latendresse.
1:21 of 3rd period - Shot Misses the Net.
1:23 of 3rd period - Slapshot by Matthew Spiller.
1:23 of 3rd period - Shot Misses the Net.
1:30 of 3rd period - Jonathan Sigalet beats up Scott Hartnell.
1:30 of 3rd period - Penalty to Jonathan Sigalet for Fighting.
1:30 of 3rd period - Penalty to Scott Hartnell for Fighting.
1:31 of 3rd period - Daniel Sedin wins face-off versus John Tavares in neutral zone.
1:40 of 3rd period - Brendan Smith is hit by Trevor Daley.
3:21 of 3rd period - Snap shot by Ryan Getzlaf.
3:21 of 3rd period - Shot Misses the Net.
3:23 of 3rd period - Wrist shot by Michael Frolik.
3:23 of 3rd period - Stopped by Petr Mrazek with a rebound.
3:46 of 3rd period - Off-side.
3:47 of 3rd period - John Tavares wins face-off versus Tim Connolly in neutral zone.
3:58 of 3rd period - Snap shot by Radim Vrbata.
3:58 of 3rd period - Stopped by Petr Mrazek with a rebound.
4:00 of 3rd period - Snap shot by John Tavares.
4:00 of 3rd period - Stopped by Petr Mrazek with a rebound.
4:02 of 3rd period - Wrist shot by Shaone Morrisonn.
4:02 of 3rd period - Deflect By Radim Vrbata.
4:02 of 3rd period - Stopped by Petr Mrazek with a rebound.
4:21 of 3rd period - Icing by Ryan Getzlaf.
4:22 of 3rd period - Shawn Horcoff wins face-off versus Ryan Getzlaf in Stars zone.
4:23 of 3rd period - Wrist shot by Daniel Sedin.
4:23 of 3rd period - Shot Misses the Net.
4:35 of 3rd period - Snap shot by Daniel Sedin.
4:35 of 3rd period - Stopped by Miika Kiprusoff without a rebound.
4:36 of 3rd period - Tim Connolly wins face-off versus John Tavares in Stars zone.
4:59 of 3rd period - Minor Penalty to Brian Lee for Hooking.
5:00 of 3rd period - Michal Handzus wins face-off versus Tim Connolly in Stars zone.
5:27 of 3rd period - Daniel Sedin is hit by Dustin Penner and loses puck.
5:34 of 3rd period - Slapshot by Raphael Diaz.
5:34 of 3rd period - Shot Blocked by Brendan Smith.
6:30 of 3rd period - Penalty to Scott Hartnell is over, Scott Hartnell is back on ice.
6:55 of 3rd period - Daniel Cleary is hit by Daniel Sedin and loses puck.
6:59 of 3rd period - Penalty to Brian Lee is over, Brian Lee is back on ice.
7:03 of 3rd period - Icing by Brian Lee.
7:04 of 3rd period - Jonathan Matsumoto wins face-off versus Michal Handzus in Stars zone.
7:31 of 3rd period - Matthew Spiller is hit by Scott Hartnell and loses puck.
8:10 of 3rd period - Brendan Smith is hit by Trevor Daley and loses puck.
8:24 of 3rd period - Wrist shot by Michal Handzus.
8:24 of 3rd period - Shot Blocked by Michal Rozsival.
8:32 of 3rd period - Slapshot by Ian White.
8:32 of 3rd period - Deflect By Jeff Tambellini.
8:32 of 3rd period - Stopped by Miika Kiprusoff without a rebound.
8:33 of 3rd period - Tim Connolly wins face-off versus Rickard Wallin in Stars zone.
8:44 of 3rd period - Snap shot by Guillaume Latendresse.
8:44 of 3rd period - Stopped by Miika Kiprusoff without a rebound.
8:45 of 3rd period - Tim Connolly wins face-off versus John Tavares in Stars zone.
9:03 of 3rd period - Guillaume Latendresse is hit by Raphael Diaz and loses puck.
10:17 of 3rd period - Slapshot by Johnny Oduya.
10:17 of 3rd period - Shot Misses the Net.
12:38 of 3rd period - Jussi Jokinen is hit by Ian White and loses puck.
13:04 of 3rd period - Icing by Evgeny Artyukhin.
13:05 of 3rd period - Michal Handzus wins face-off versus Jonathan Matsumoto in Stars zone.
13:45 of 3rd period - Snap shot by Guillaume Latendresse.
13:45 of 3rd period - Shot Misses the Net.
14:19 of 3rd period - Snap shot by Rickard Wallin.
14:19 of 3rd period - Shot Misses the Net.
14:47 of 3rd period - Raphael Diaz is hit by Ryan Callahan.
15:07 of 3rd period - Snap shot by Daniel Cleary.
15:07 of 3rd period - Stopped by Petr Mrazek with a rebound.
15:09 of 3rd period - Minor Penalty to Michal Rozsival for Hooking.
15:10 of 3rd period - Cédric Lalonde-McNicoll wins face-off versus John Tavares in Panthers zone.
15:10 of 3rd period - Cédric Lalonde-McNicoll is hit by Brian Lee.
16:23 of 3rd period - Icing by John Tavares.
16:24 of 3rd period - Jussi Jokinen wins face-off versus Cédric Lalonde-McNicoll in Stars zone.
17:09 of 3rd period - Penalty to Michal Rozsival is over, Michal Rozsival is back on ice.
17:10 of 3rd period - Scott Hartnell is hit by Michal Rozsival and loses puck.
17:55 of 3rd period - Wrist shot by Jonathan Sigalet.
17:55 of 3rd period - Stopped by Miika Kiprusoff without a rebound.
17:56 of 3rd period - Shawn Horcoff wins face-off versus Michael Frolik in Stars zone.
18:09 of 3rd period - Slapshot by Michal Rozsival.
18:09 of 3rd period - Stopped by Miika Kiprusoff with a rebound.
18:11 of 3rd period - Slapshot by Brendan Smith.
18:11 of 3rd period - Stopped by Miika Kiprusoff without a rebound.
18:12 of 3rd period - Jonathan Matsumoto wins face-off versus John Tavares in Stars zone.
18:27 of 3rd period - Snap shot by Tomas Kopecky.
18:27 of 3rd period - Goal by Tomas Kopecky - Stars : 2 - Panthers : 8.
18:28 of 3rd period - John Tavares wins face-off versus Ryan Callahan in neutral zone.
18:31 of 3rd period - Slapshot by Trevor Daley.
18:31 of 3rd period - Stopped by Petr Mrazek with a rebound.
18:43 of 3rd period - Snap shot by Guillaume Latendresse.
18:43 of 3rd period - Stopped by Miika Kiprusoff with a rebound.
18:45 of 3rd period - Slapshot by Brendan Smith.
18:45 of 3rd period - Stopped by Miika Kiprusoff with a rebound.
18:55 of 3rd period - Brendan Smith is hit by Michael Frolik and loses puck.
19:24 of 3rd period - Jeff Tambellini is hit by Evgeny Artyukhin and loses puck.
19:41 of 3rd period - Slapshot by Raphael Diaz.
19:41 of 3rd period - Goal by Raphael Diaz - Stars : 3 - Panthers : 8.
19:42 of 3rd period - John Tavares wins face-off versus Guillaume Latendresse in neutral zone.
Goals for this period are 1 for Stars vs 1 for Panthers.
Shots for this period are 7 for Stars vs 10 for Panthers.
Back to the Top